 Dungeon Crawl Stone Soup version 0.23-a0-577-g2b1de94 (webtiles) character file.

100 JeffiDaFish the Conjurer (level 4, 0/33 HPs)
             Began as a Draconian Conjurer on Dec 15, 2018.
             Killed from afar by an orc wizard (6 damage)
             ... with a puff of frost
             ... on level 3 of the Dungeon.
             The game lasted 00:06:06 (2817 turns).

JeffiDaFish the Conjurer (Draconian Conjurer)       Turns: 2817, Time: 00:06:07

Health: 0/33       AC:  5    Str: 10 (11) XL:     4   Next: 46%
Magic:  0/8        EV: 12    Int: 16      God:
Gold:   165        SH:  0    Dex: 11      Spells: 2/8 levels left

rFire    . . .     SeeInvis .   e - +2 dagger (drain)
rCold    . . .     Gourm    .   (no shield)
rNeg     . . .     Faith    .   (armour unavailable)
rPois    .         Spirit   .   (helmet restricted)
rElec    .         Reflect  .   (no cloak)
rCorr    .         Harm     .   (no gloves)
MR       .....                  (no boots)
Stlth    ++........             (no amulet)
HPRegen  0.11/turn              (no ring)
MPRegen  0.11/turn              (no ring)

@: no status effects
A: unfitting armour, cold-blooded, AC +5
a: no special abilities


You were on level 3 of the Dungeon.
You were not hungry.

You visited 1 branch of the dungeon, and saw 3 of its levels.

You collected 165 gold pieces.

Inventory:

Hand Weapons
 e - a +2 dagger of draining (weapon)
Scrolls
 d - 3 scrolls of remove curse
 f - 2 scrolls of identify
 g - 2 scrolls of teleportation
Potions
 a - a potion of curing
 c - a potion of magic
 h - a potion of agility
Comestibles
 b - 2 rations
 i - 3 chunks of flesh


   Skills:
 - Level 1.7 Dodging
 - Level 1.7 Stealth
 + Level 2.9 Spellcasting
 * Level 5.4 Conjurations


You had 2 spell levels left.
You knew the following spells:

 Your Spells              Type           Power        Failure   Level  Hunger
a - Magic Dart            Conj           ###.         1%          1    #......
b - Searing Ray           Conj           ###...       3%          2    ##.....
c - Dazzling Spray        Conj/Hex       ##....       19%         3    ###....

Your spell library contained the following spells:

 Spells                   Type           Power        Failure   Level  Hunger
 Iskenderun's Mystic Bla  Conj           ###.....     21%         4    #####..
 Force Lance              Conj/Tloc      ##......     52%         4    #####..
 Fulminant Prism          Conj/Hex       ##........   52%         4    #####..


Dungeon Overview and Level Annotations

Branches:
Dungeon (3/15)

Altars:
Ashenzari


Innate Abilities, Weirdness & Mutations

Your plain brown scales are hard. (AC +5)
You cannot fit into any form of body armour.
You are cold-blooded and may be slowed by cold attacks.


Message History

A puff of frost appears from out of thin air!
The puff of frost hits you!
Casting: Magic Dart (safe; 1% risk of failure)
Confirm with . or Enter, or press ? or * to list all spells.
Aiming: Dazzling Spray (safe; 19% risk of failure)
Press: ? - help, Shift-Dir - straight line, f/p - orc
Aim: an orc, wielding a +0 war axe (heavily wounded)
The spray of energy hits something.
Something hits you but does no damage.
You miss something. Something hits you but does no damage. Something hits you.
* * * LOW HITPOINT WARNING * * *
Something hits you but does no damage.
Casting: Dazzling Spray (safe; 19% risk of failure)
Confirm with . or Enter, or press ? or * to list all spells.
Aiming: Magic Dart (safe; 1% risk of failure)
Press: ? - help, Shift-Dir - straight line, p - orc The magic dart hits something.
You hear some strange, mumbled words.
A puff of frost appears from out of thin air!
The puff of frost hits you!
You die...

.. #.#...........#......###.###
...###$#...........#..#.#####..##
>........o............... .......
...###.#...........#..#.# #.#...#
' #...o..o......#..#.# #.#....
###.#+#o##.####..#.###+....# ...#
#)# .......<.....#.## #####
#o#########.......#...
#o...@............#...
###########.......#...
#.......#### #....(......
#..........# #..........#
#........... #...........
##..........


You could see an orc wizard and an orc.

Vanquished Creatures
  Jessica (D:3)
  An adder (D:2)
  An ooze (D:1)
  2 dart slugs (D:1)
  2 leopard geckos
  5 orcs (D:3)
  A ball python (D:1)
  4 bats
  4 giant cockroaches
  5 goblins
  4 hobgoblins
  5 jackals
  3 frilled lizards
  5 kobolds
  4 rats
47 creatures vanquished.

Notes
Turn   | Place    | Note
-------+----------+-------------------------------------------
     0 | D:1      | JeffiDaFish the Draconian Conjurer began the quest for the
                  | Orb.
     0 | D:1      | Reached XP level 1. HP: 14/14 MP: 3/3
   479 | D:1      | Reached XP level 2. HP: 20/20 MP: 3/5
   938 | D:1      | Learned a level 2 spell: Searing Ray
  1244 | D:1      | Reached XP level 3. HP: 26/26 MP: 0/6
  1260 | D:1      | Learned a level 3 spell: Dazzling Spray
  1753 | D:2      | Found a faded altar of an unknown god.
  2198 | D:2      | Reached skill level 5 in Conjurations
  2627 | D:3      | Found a shattered altar of Ashenzari.
  2714 | D:3      | Noticed Jessica
  2725 | D:3      | Killed Jessica
  2725 | D:3      | Reached XP level 4. HP: 31/33 MP: 0/8
  2817 | D:3      | Killed from afar by an orc wizard

Vault maps used:
D:1:      dpeg_arrival_renting, minmay_distorted
D:2:      first_ration, chequers_ecumenical_altar_twisty
D:3:      evilmike_ruin_ashenzari, uniq_grinder, uniq_jessica

Skill      XL: |  1  2  3 |
---------------+----------+-----
Conjurations   | 5 |  5.4
Dodging        | |  1.7
Stealth        | |  1.7
Spellcasting   | |  2.9

Action                   |  1- 3 |  4- 6 || total
-------------------------+-------+-------++-------
Melee: Unarmed           |    12 |       ||    12
       Tailslap          |     3 |     4 ||     7
       Hand axe          |    17 |       ||    17
       Dagger            |    16 |    22 ||    38
 Cast: Magic Dart        |    54 |     9 ||    63
       Searing Ray       |     3 |     1 ||     4
       Dazzling Spray    |       |     1 ||     1
  Use: Scroll            |     7 |       ||     7
       Potion            |     6 |     1 ||     7
 Stab: Sleeping          |     2 |       ||     2
  Eat: Chunk             |     4 |       ||     4
       Ration            |     1 |       ||     1
Armor: Skin              |    19 |     9 ||    28
Dodge: Dodged            |    35 |     8 ||    43

Table legend:
 A = Non-vault XP
 B = Vault XP
 C = Vault XP percentage of total XP
 D = Non-vault monster count
 E = Vault monster count
 F = Vault count percentage of total count
                 A         B        C        D         E       F
            +---------+---------+-------+---------+---------+-------
      Total |     102 |      41 |  28.7 |      43 |       4 |   8.5
            +---------+---------+-------+---------+---------+-------
        D:1 |      41 |       4 |   8.9 |      18 |       3 |  14.3
        D:2 |      41 |       0 |   0.0 |      17 |       0 |   0.0
        D:3 |      20 |      37 |  64.9 |       8 |       1 |  11.1
            +---------+---------+-------+---------+---------+-------
